 Dungeon Crawl Stone Soup version 0.28.0-49-g6dfe1f597d (webtiles) character file.

Game seed: 3697341357986498978

949 CryoSword the Caller (level 8, -2/87 HPs)
             Began as a Gnoll Summoner on May 13, 2022.
             Was an Initiate of Sif Muna.
             Succumbed to a water moccasin's poison
             ... on level 6 of the Dungeon.
             The game lasted 00:10:17 (7320 turns).

CryoSword the Caller (Gnoll Summoner)               Turns: 7320, Time: 00:10:18

Health: -2/87      AC:  5    Str:  9    XL:     8   Next: 13%
Magic:  16/16      EV: 13    Int: 15    God:    Sif Muna [......]
Gold:   267        SH:  0    Dex: 13    Spells: 12/18 levels left

rFire   . . .      SeeInvis .   w - +4 trident of Levotuss {vamp, rC+}
rCold   + . .      Faith    .   (no shield)
rNeg    . . .      Spirit   .   r - +0 leather armour
rPois   .          Reflect  .   (no helmet)
rElec   .          Harm     .   (no cloak)
rCorr   .          Rampage  .   (no gloves)
Will    .....                   y - +1 pair of boots
Stlth   ..........              m - amulet of magic regeneration
HPRegen 0.24/turn               (no ring)
MPRegen 0.55/turn               (no ring)

@: berserking, lethally poisoned (-2 -> -26), very quick
A: fangs 1, strong nose, distributed training
a: Renounce Religion


You were on level 6 of the Dungeon.
You worshipped Sif Muna.
Sif Muna was noncommittal.
You visited 2 branches of the dungeon, and saw 7 of its levels.
You also visited: Sewer.

You collected 267 gold pieces.

Inventory:

Hand Weapons
 w - the +4 trident of Levotuss (weapon) {vamp, rC+}
   (You found it on level 4 of the Dungeon)

   It occasionally heals its wielder for a portion of the damage dealt when it
   wounds a living foe.
   rC:        It protects you from cold.
Missiles
 d - 4 poisoned darts
 A - 6 curare-tipped darts
Armour
 r - a +0 leather armour (worn)
   (You found it on level 1 of the Dungeon)
 y - a +1 pair of boots (worn)
   (You found it on level 4 of the Dungeon)
Jewellery
 m - an amulet of magic regeneration (around neck)
   (You found it on level 1 of the Dungeon)
 p - a ring of ice
   (You found it on level 3 of the Dungeon)
Wands
 x - a wand of flame (7)
   (You found it on level 4 of the Dungeon)
Scrolls
 a - a scroll of enchant weapon {unknown}
 b - a scroll of enchant armour
 g - 2 scrolls of amnesia {unknown}
 h - 2 scrolls of immolation {unknown}
 l - 2 scrolls of fog {unknown}
 o - 2 scrolls of torment {unknown}
 s - 2 scrolls of vulnerability {unknown}
 t - 2 scrolls of brand weapon {unknown}
 u - a scroll of magic mapping {unknown}
 v - a scroll of noise {unknown}
 z - 2 scrolls of fear {unknown}
Potions
 c - 2 potions of magic {unknown}
 e - a potion of mutation {unknown}
 f - 2 potions of degeneration {unknown}
 i - a potion of flight
 j - 2 potions of berserk rage
 k - 3 potions of cancellation {unknown}
 q - 2 potions of invisibility {unknown}


   Skills:
 + Level 3.0 Fighting
 + Level 3.0 Short Blades
 + Level 3.0 Long Blades
 + Level 3.0 Axes
 + Level 3.0 Maces & Flails
 + Level 3.0 Polearms
 + Level 3.0 Staves
 + Level 3.0 Slings
 + Level 3.0 Bows
 + Level 3.0 Crossbows
 + Level 3.0 Throwing
 + Level 3.0 Armour
 + Level 5.5 Dodging
 + Level 5.2 Stealth
 + Level 3.0 Shields
 + Level 3.0 Unarmed Combat
 + Level 5.9 Spellcasting
 + Level 2.4 Conjurations
 + Level 2.4 Hexes
 + Level 7.5 Summonings
 + Level 2.4 Necromancy
 + Level 2.4 Translocations
 + Level 2.4 Transmutations
 + Level 2.4 Fire Magic
 + Level 2.4 Ice Magic
 + Level 2.4 Air Magic
 + Level 2.4 Earth Magic
 + Level 2.4 Poison Magic
 + Level 3.3 Invocations
 + Level 3.0 Evocations


You had 12 spell levels left.
You knew the following spells:

 Your Spells              Type           Power      Damage    Failure   Level
a - Summon Small Mammal   Summ           100%       N/A       1%          1
b - Call Imp              Summ           27%        N/A       1%          2
c - Call Canine Familiar  Summ           27%        N/A       2%          3

Your spell library contained the following spells:

 Spells                   Type           Power      Damage    Failure   Level
 Shock                    Conj/Air       44%        1d5       8%          1
 Sting                    Tmut/Pois      44%        1d5       8%          1
 Summon Guardian Golem    Hex/Summ       19%        N/A       8%          3
 Poisonous Vapours        Pois/Air       22%        N/A       12%         2
 Stone Arrow              Conj/Erth      22%        3d8       22%         3
 Swiftness                Air            11%        N/A       22%         3
 Animate Armour           Summ/Erth      38%        N/A       26%         4
 Summon Lightning Spire   Summ/Air       19%        N/A       26%         4
 Airstrike                Air            5%         N/A       58%         4
 Animate Dead             Necr           5%         N/A       58%         4
 Olgreb's Toxic Radiance  Pois           11%        N/A       58%         4
 Haunt                    Necr/Summ      9%         N/A       100%        7
 Infestation              Necr           5%         N/A       100%        8
 Lehudib's Crystal Spear  Conj/Erth      5%         10d3      100%        8


Dungeon Overview and Level Annotations

Branches:
Dungeon (6/15)             Temple (1/1) D:4           Sewer (visited)

Altars:
Dithmenos
Elyvilon
Fedhas
Kikubaaqudgha
Okawaru
Sif Muna
Wu Jian
Yredelemnul


Innate Abilities, Weirdness & Mutations

You have very sharp teeth.
Your uncanny sense of smell can sniff out nearby items.
Your experience applies equally to all skills.


Message History

Your Evocations skill increases to level 3!
Your hound disappears in a puff of smoke!
Found a pair of boots.
You now have 267 gold pieces (gained 15).
A water moccasin comes into view.
A water moccasin is nearby!
A water moccasin is nearby!
The water moccasin hisses angrily.
The water moccasin bites you.
You are poisoned.
The water moccasin poisons you!
You miss the water moccasin.
You feel very sick. The water moccasin bites you.
You feel sick. The water moccasin closely misses you.
The water moccasin barely misses you.
A beastly little devil appears in a puff of flame.
You feel sick. The water moccasin barely misses you.
You feel sick. The water moccasin bites you.
You are more poisoned.
The water moccasin poisons you!
You swap places.
You feel very sick.
The water moccasin completely misses your hound.
Your hound closely misses the water moccasin.
The water moccasin bites your hound.
Your crimson imp blinks!
Reach: w) +4 trident of Levotuss {vamp, rC+}
Aim: a water moccasin (ally target, about 54% to evade the +4 trident of Levotuss)
You could not reach far enough!
You feel very sick.
Your hound barely misses the water moccasin.
The water moccasin closely misses your hound.
Your hound misses the water moccasin. The water moccasin bites your hound!
Reach: w) +4 trident of Levotuss {vamp, rC+}
Aim: a water moccasin (ally target, about 54% to evade the +4 trident of Levotuss)
You reach to attack!
You hit the water moccasin.
You feel better.
You feel sick.
Your hound bites the water moccasin but does no damage.
The water moccasin bites your hound.
Your hound dies!
Your hound's corpse disappears in a puff of smoke!
Reach: w) +4 trident of Levotuss {vamp, rC+}
Aim: a water moccasin (moderately wounded, ally target, about 54% to evade the +4 trident of Levotuss)
You reach to attack!
You closely miss the water moccasin.
You feel sick. The water moccasin bites you!
* * * LOW HITPOINT WARNING * * *
You are more poisoned.
The water moccasin poisons you!
Unknown command.
You swap places.
* * * LOW HITPOINT WARNING * * *
You feel very sick.
Your quokka barely misses the water moccasin.
Your crimson imp blinks!
The water moccasin bites your quokka.
You feel better. The water moccasin misses your quokka.
Your quokka bites the water moccasin but does no damage.
Your crimson imp completely misses the water moccasin.
The water moccasin bites your quokka.
Your quokka closely misses the water moccasin.
Your crimson imp hits the water moccasin.
The water moccasin bites your quokka.
Your quokka dies!
Your quokka's corpse disappears in a puff of smoke!
Your crimson imp blinks!
You miscast Call Canine Familiar.
You are very lightly contaminated with residual magic.
Nothing appears to happen.
The water moccasin bites you.
* * * LOW HITPOINT WARNING * * *
The water moccasin barely misses you.
Your hound closely misses the water moccasin.
A beastly little devil appears in a puff of flame.
Your crimson imp disappears in a puff of smoke!
The water moccasin bites you but does no damage. x2
Your hound barely misses the water moccasin.
The water moccasin bites you.
* * * LOW HITPOINT WARNING * * *
You are poisoned.
The water moccasin poisons you!
You swap places.
You feel sick.
Your hound closely misses the water moccasin.
The water moccasin bites your crimson imp.
Your hound closely misses the water moccasin.
The water moccasin barely misses your crimson imp.
Your quokka completely misses the water moccasin.
Your crimson imp blinks!
You feel sick.
Your hound bites the water moccasin.
Your magical contamination has completely faded away.
You feel sick.
You swap places.
You feel sick.
Your crimson imp completely misses the water moccasin.
The water moccasin barely misses your crimson imp.
You feel sick.
The water moccasin misses your crimson imp.
Your crimson imp barely misses the water moccasin.
The water moccasin bites your crimson imp!
Your crimson imp is poisoned.
The water moccasin poisons your crimson imp!
You feel sick.
You feel sick.
Your crimson imp hits the water moccasin but does no damage.
The water moccasin misses your crimson imp.
You feel sick.
You are no longer poisoned.
You swap places.
The water moccasin closely misses your quokka.
Your quokka closely misses the water moccasin.
Reach: w) +4 trident of Levotuss {vamp, rC+}
Aim: a water moccasin (heavily wounded, ally target, about 54% to evade the +4 trident of Levotuss)
You reach to attack!
You closely miss the water moccasin. The water moccasin bites your quokka!
Your quokka dies!
Your quokka's corpse disappears in a puff of smoke!
Your quokka misses the water moccasin.
Reach: w) +4 trident of Levotuss {vamp, rC+}
Aim: a water moccasin (heavily wounded, ally target, about 54% to evade the +4 trident of Levotuss)
You hit the water moccasin. The water moccasin bites you!
* * * LOW HITPOINT WARNING * * *
Your quokka closely misses the water moccasin.
The water moccasin bites you.
* * * LOW HITPOINT WARNING * * *
You feel better.
Your quokka misses the water moccasin. The water moccasin bites you.
* * * LOW HITPOINT WARNING * * *
You are lethally poisoned!
The water moccasin poisons you!
A red film seems to cover your vision as you go berserk!
You feel yourself moving faster!
You feel mighty!
* * * LOW HITPOINT WARNING * * *
You feel very sick.
Your quokka bites the water moccasin.
The water moccasin misses your quokka.
Your quokka bites the water moccasin.
You barely miss the water moccasin.
* * * LOW HITPOINT WARNING * * *
You feel very sick.
The water moccasin bites you but does no damage.
You miss the water moccasin.
* * * LOW HITPOINT WARNING * * *
You feel sick. The water moccasin bites you.
* * * LOW HITPOINT WARNING * * *
You are more poisoned.
The water moccasin poisons you!
Your quokka closely misses the water moccasin.
The water moccasin bites you but does no damage.
You hit the water moccasin.
You kill the water moccasin!
Sif Muna accepts your kill.
You die...

... ######.#####
######...........
.................
####.#.#.<...###
#.#.#..#..##### ##
#.#.#.....#... ..#
#.#.#######.###########[#
#.#..........@.rh....##.#
#.#########.########.##.#
#.# #..........##.# #.#
....######5##.#
............S..#
.......[.....r..#
.s.............#h#
........#######.#.#
#.#.####


You could see a friendly hound (summoned) and a friendly quokka (summoned).

Vanquished Creatures
  A water moccasin (D:6)
  A black bear (D:4)
  An ogre (D:3)
  A scorpion (D:6)
  A water moccasin zombie (D:6)
  A water moccasin skeleton (D:5)
  6 adders
  2 gnolls (D:2)
  2 worms (D:5)
  3 dart slugs
  5 ball pythons
  An endoplasm (D:3)
  3 giant cockroaches
  5 goblins
  4 hobgoblins
  5 jackals
  7 kobolds
  2 quokkas
  3 bats (D:1)
  A frilled lizard (D:3)
  5 rats
60 creatures vanquished.

Vanquished Creatures (collateral kills)
  Grinder (D:3)
  Pargi (Sewer)
  2 iguanas (D:5)
  2 gnolls (D:2)
  6 adders
  An ufetubus (D:4)
  2 worms
  A dart slug (D:1)
  2 ball pythons
  2 bats (D:1)
  4 endoplasms
  2 giant cockroaches
  8 goblins (D:3)
  4 hobgoblins
  5 jackals
  2 quokkas
  6 frilled lizards
  A quokka skeleton (D:4)
  3 rats
55 creatures vanquished.

Grand Total: 115 creatures vanquished

Notes
Turn   | Place    | Note
-------+----------+-------------------------------------------
     0 | D:1      | CryoSword the Gnoll Summoner began the quest for the Orb.
     0 | D:1      | Reached XP level 1. HP: 13/13 MP: 6/6
   274 | D:1      | Reached XP level 2. HP: 17/19 MP: 4/7
   805 | D:1      | Reached XP level 3. HP: 25/25 MP: 9/9
  1080 | D:1      | Reached skill level 5 in Spellcasting
  1253 | D:2      | Reached skill level 1 in Invocations
  1371 | D:2      | Learned a level 2 spell: Call Imp
  1375 | D:2      | Learned a level 3 spell: Call Canine Familiar
  1593 | D:2      | Reached skill level 1 in Fighting
  1593 | D:2      | Reached skill level 1 in Short Blades
  1593 | D:2      | Reached skill level 1 in Long Blades
  1593 | D:2      | Reached skill level 1 in Axes
  1593 | D:2      | Reached skill level 1 in Maces & Flails
  1593 | D:2      | Reached skill level 1 in Polearms
  1593 | D:2      | Reached skill level 1 in Staves
  1593 | D:2      | Reached skill level 1 in Slings
  1593 | D:2      | Reached skill level 1 in Bows
  1593 | D:2      | Reached skill level 1 in Crossbows
  1593 | D:2      | Reached skill level 1 in Throwing
  1593 | D:2      | Reached skill level 1 in Armour
  1593 | D:2      | Reached skill level 1 in Shields
  1593 | D:2      | Reached skill level 1 in Unarmed Combat
  1593 | D:2      | Reached skill level 1 in Evocations
  1600 | D:2      | Reached XP level 4. HP: 32/32 MP: 7/11
  1908 | D:2      | Found a faded altar of an unknown god.
  2265 | D:2      | Reached skill level 1 in Conjurations
  2265 | D:2      | Reached skill level 1 in Hexes
  2265 | D:2      | Reached skill level 1 in Necromancy
  2265 | D:2      | Reached skill level 1 in Translocations
  2265 | D:2      | Reached skill level 1 in Transmutations
  2265 | D:2      | Reached skill level 1 in Fire Magic
  2265 | D:2      | Reached skill level 1 in Ice Magic
  2265 | D:2      | Reached skill level 1 in Air Magic
  2265 | D:2      | Reached skill level 1 in Earth Magic
  2265 | D:2      | Reached skill level 1 in Poison Magic
  3212 | D:3      | Reached XP level 5. HP: 24/37 MP: 6/12
  3798 | D:3      | Noticed an ogre
  3819 | D:3      | Killed an ogre
  3822 | D:3      | Reached XP level 6. HP: 41/44 MP: 13/13
  3990 | D:3      | Noticed Grinder
  4271 | D:3      | Paralysed by Grinder for 2 turns
  4288 | D:3      | Killed Grinder
  4289 | D:3      | Reached skill level 5 in Dodging
  4289 | D:3      | Reached XP level 7. HP: 29/50 MP: 9/15
  4768 | D:4      | Identified the +4 trident of Levotuss {vamp, rC+}
  5362 | D:4      | Found a staircase to the Ecumenical Temple.
  5371 | Temple   | Entered the Ecumenical Temple
  5476 | Temple   | Became a worshipper of Sif Muna the Loreminder
  5909 | D:5      | Entered Level 5 of the Dungeon
  6167 | D:5      | Found a glowing drain.
  6196 | Sewer    | Entered a sewer
  6244 | Sewer    | Noticed Pargi
  6282 | Sewer    | Killed Pargi
  6283 | Sewer    | Reached skill level 5 in Stealth
  7140 | D:6      | Reached XP level 8. HP: 40/57 MP: 14/16
  7319 | D:6      | HP: 3/87 [water moccasin (3)]
  7320 | D:6      | Succumbed to a water moccasin's poison

Illustrated notes

Levels and vault maps discovered:
D:1:      psy_arrival_conway, layout_basic, minmay_pentomino_o4
D:2:      layout_basic, hellmonk_ecumenical_altar_crossroads
D:3:      layout_loops_corners, minmay_ogre_servants, uniq_grinder
D:4:      layout_cave_pods, minmay_temple_entry_hall, nicolae_zen_rock_garden
D:5:      layout_loops_ring, serial_rivers, chequers_serial_rivers_marsh,
          chequers_serial_rivers_micro_a, chequers_serial_rivers_micro_b,
          chequers_serial_rivers_room_b, gup_sewer_entry_bubbles,
          minmay_misc_feat_plants
D:6:      layout_basic, serial_rivers, chequers_serial_rivers_marsh,
          chequers_serial_rivers_small_b, chequers_serial_rivers_micro_b,
          chequers_serial_rivers_micro_c, roderic_three_in_a_row,
          wad_rectangle_vault
Temple:   roderic_octagonal_lattice_temple

Skill      XL: |  1  2  3  4  5  6  7  8 |
---------------+-------------------------+-----
Spellcasting   | 5 |  5.9
Invocations    | 1 2 3 |  3.3
Fighting       | 1 2 3 |  3.0
Short Blades   | 1 2 3 |  3.0
Long Blades    | 1 2 3 |  3.0
Axes           | 1 2 3 |  3.0
Maces & Flails | 1 2 3 |  3.0
Polearms       | 1 2 3 |  3.0
Staves         | 1 2 3 |  3.0
Slings         | 1 2 3 |  3.0
Bows           | 1 2 3 |  3.0
Crossbows      | 1 2 3 |  3.0
Throwing       | 1 2 3 |  3.0
Armour         | 1 2 3 |  3.0
Shields        | 1 2 3 |  3.0
Unarmed Combat | 1 2 3 |  3.0
Evocations     | 1 2 3 |  3.0
Conjurations   | 1 2 |  2.4
Hexes          | 1 2 |  2.4
Necromancy     | 1 2 |  2.4
Translocations | 1 2 |  2.4
Transmutations | 1 2 |  2.4
Fire Magic     | 1 2 |  2.4
Ice Magic      | 1 2 |  2.4
Air Magic      | 1 2 |  2.4
Earth Magic    | 1 2 |  2.4
Poison Magic   | 1 2 |  2.4
Dodging        | 5 |  5.5
Stealth        | 5 |  5.2
Summonings     | |  7.5

Action                   |  1- 3 |  4- 6 |  7- 9 || total
-------------------------+-------+-------+-------++-------
Melee: Short sword       |    70 |    11 |       ||    81
       Unarmed           |     4 |       |       ||     4
       Bite              |     8 |    10 |    13 ||    31
       Punch             |     1 |       |     4 ||     5
       Halberd           |       |    38 |       ||    38
       Dagger            |       |    42 |     5 ||    47
       Trident           |       |       |   123 ||   123
 Cast: Summon Small Mamm |    21 |    20 |    18 ||    59
       Call Imp          |     2 |    14 |    18 ||    34
       Call Canine Famil |     1 |    13 |    17 ||    31
  Use: Scroll            |       |       |     4 ||     4
       Potion            |       |       |     3 ||     3
 Stab: Distracted        |     1 |     2 |     3 ||     6
       Sleeping          |     6 |     5 |     3 ||    14
Armor: Robe              |    18 |     7 |       ||    25
       Leather armour    |       |    16 |    41 ||    57
Dodge: Dodged            |    64 |    59 |   130 ||   253
